 Dungeon Crawl Stone Soup version 0.29.1-12-g30fa7ad0bf (webtiles) character file.

Game seed: 7015523106815785717

161 xzight the Grasshopper (level 5, 0/43 HPs)
             Began as a Gnoll Warper on Dec 28, 2022.
             Succumbed to an adder's poison
             ... on level 4 of the Dungeon.
             The game lasted 00:04:09 (3478 turns).

xzight the Grasshopper (Gnoll Warper)               Turns: 3478, Time: 00:04:09

Health: 0/43       AC:  4    Str: 10    XL:     5   Next: 42%
Magic:  5/21       EV: 12    Int: 15    God:
Gold:   213        SH:  0    Dex: 11    Spells: 14/14 levels left

rFire   . . .      SeeInvis .   a - +0 mace
rCold   . . .      Faith    .   (no shield)
rNeg    . . .      Spirit   +   b - +0 leather armour
rPois   .          Reflect  .   (no helmet)
rElec   .          Harm     .   (no cloak)
rCorr   .          Rampage  .   (no gloves)
Will    .....                   q - +0 pair of boots
Stlth   +.........              e - amulet of guardian spirit
HPRegen 0.14/turn               Y - +4 ring of slaying
MPRegen 0.17/turn               M - ring of magical power

@: lethally poisoned (0 -> -4)
A: fangs 1, strong nose, distributed training
a: no special abilities


You were on level 4 of the Dungeon.
You visited 1 branch of the dungeon, and saw 4 of its levels.

You collected 213 gold pieces.


Innate Abilities, Weirdness & Mutations

You have very sharp teeth.
Your uncanny sense of smell can sniff out nearby items.
Your experience applies equally to all skills.


   Skills:
 + Level 4.8 Fighting
 + Level 1.5 Short Blades
 + Level 1.5 Long Blades
 + Level 1.5 Axes
 + Level 4.8 Maces & Flails
 + Level 1.5 Polearms
 + Level 1.5 Staves
 + Level 1.5 Ranged Weapons
 + Level 3.0 Throwing
 + Level 3.0 Armour
 + Level 4.8 Dodging
 + Level 1.5 Stealth
 + Level 1.5 Shields
 + Level 1.5 Unarmed Combat
 + Level 5.2 Spellcasting
 + Level 1.2 Conjurations
 + Level 1.2 Hexes
 + Level 1.2 Summonings
 + Level 1.2 Necromancy
 + Level 5.5 Translocations
 + Level 1.2 Transmutations
 + Level 1.2 Fire Magic
 + Level 1.2 Ice Magic
 + Level 1.2 Air Magic
 + Level 1.2 Earth Magic
 + Level 1.2 Poison Magic
 + Level 1.7 Invocations
 + Level 1.5 Evocations


You had 14 spell levels left.
You didn't know any spells.
Your spell library contained the following spells:

 Spells                   Type           Power      Damage    Failure   Level
 Blink                    Tloc           40%        N/A       3%          2
 Gell's Gravitas          Tloc           20%        N/A       6%          3
 Lesser Beckoning         Tloc           20%        N/A       6%          3
 Teleport Other           Tloc           20%        N/A       6%          3
 Manifold Assault         Tloc           20%        N/A       52%         5

Inventory:

Hand Weapons
 a - a +0 mace (weapon)
Missiles
 d - 7 boomerangs of dispersal (quivered) {=f}
 A - a boomerang
Armour
 b - a +0 leather armour (worn)
 q - a +0 pair of boots (worn)
Jewellery
 e - an amulet of guardian spirit (around neck)
 y - an amulet of reflection
 M - a ring of magical power (right hand)
 Y - a +4 ring of slaying (left hand)
Wands
 u - a wand of polymorph (13)
Scrolls
 c - a scroll of blinking
 f - a scroll of noise {unknown}
 h - a scroll of fog {unknown}
 j - 2 scrolls of poison {unknown}
 l - a scroll of enchant armour {unknown}
 m - a scroll of silence {unknown}
 n - 2 scrolls of vulnerability {unknown}
 p - a scroll of immolation {unknown}
 s - a scroll of brand weapon {unknown}
 v - a scroll of amnesia {unknown}
 x - 2 scrolls of teleportation {unknown}
 z - a scroll of summoning {unknown}
Potions
 g - 2 potions of curing {unknown}
 i - 2 potions of heal wounds {unknown}
 k - a potion of berserk rage {unknown}
 o - 2 potions of haste {unknown}
 r - a potion of mutation {unknown}
 t - a potion of magic {unknown}
 w - a potion of flight {unknown}
 B - a potion of brilliance {unknown}
 C - a potion of attraction {unknown}

Dungeon Overview and Level Annotations

Branches:
Dungeon (4/15)
 Temple: D:4-7

Altars:

Annotations:
D:2 1 runed translucent door, Crazy Yiuf

..#.#?...######.....
........##.#......
.....##.........
#....#.........
####..............
##.##........###...
##.........#.).##...
#.........###.#.....
##.@..............##
###S####.........####
#..l# #....).....###.
#........##.............
#...........##.......##.
#.........#######.....#.
#!...#....## ∆ #.#..##.
##...###... #.#..##.
##.. #....# #....##.


You could see a wyvern and an adder.


Message History

The wyvern is moderately wounded.
The wyvern barely misses you. The adder bites you.
* * * LOW HITPOINT WARNING * * *
You are poisoned.
The adder poisons you! The wyvern bites you.
* * * LOW HITPOINT WARNING * * *
The wyvern attacks as you move away! The wyvern closely misses you.
You feel sick. The adder closely misses you.
Things that are here:
a +0 dagger; 2 stones You feel sick.
You barely miss the adder. Your bite misses the adder.
* * * LOW HITPOINT WARNING * * *
You feel sick. The adder barely misses you. The adder closely misses you.
You miss the adder.
You feel sick.
You are no longer poisoned.
The adder bites you but does no damage.
You hit the adder but do no damage. The adder barely misses you.
The adder closely misses you.
You miss the adder. The adder barely misses you.
You miss the adder. Your bite misses the adder. The adder bites you.
You are lethally poisoned!
The adder poisons you! The adder closely misses you.
You sock the adder!
The adder is severely wounded.
* * * LOW HITPOINT WARNING * * *
You feel sick. The adder closely misses you.
You miss the adder.
The adder is severely wounded.
You die...

Skill      XL: |  1  2  3  4 |
---------------+-------------+-----
Spellcasting   | 5 |  5.2
Invocations    | 1 |  1.7
Short Blades   | 1 |  1.5
Long Blades    | 1 |  1.5
Axes           | 1 |  1.5
Polearms       | 1 |  1.5
Staves         | 1 |  1.5
Ranged Weapons | 1 |  1.5
Stealth        | 1 |  1.5
Shields        | 1 |  1.5
Unarmed Combat | 1 |  1.5
Evocations     | 1 |  1.5
Conjurations   | 1 |  1.2
Hexes          | 1 |  1.2
Summonings     | 1 |  1.2
Necromancy     | 1 |  1.2
Transmutations | 1 |  1.2
Fire Magic     | 1 |  1.2
Ice Magic      | 1 |  1.2
Air Magic      | 1 |  1.2
Earth Magic    | 1 |  1.2
Poison Magic   | 1 |  1.2
Throwing       | 3 |  3.0
Armour         | 3 |  3.0
Fighting       | |  4.8
Maces & Flails | |  4.8
Dodging        | |  4.8
Translocations | |  5.5

Action                   |  1- 3 |  4- 6 || total
-------------------------+-------+-------++-------
Melee: Mace              |   155 |    84 ||   239
       Bite              |    17 |     4 ||    21
       Punch             |     2 |     4 ||     6
 Stab: Sleeping          |     2 |     2 ||     4
Armor: Leather armour    |    54 |    15 ||    69
Dodge: Dodged            |   133 |    62 ||   195

Levels and vault maps discovered:
D:1:      wander_arrival_peaceful_grave, layout_rooms
D:2:      layout_loops_cross, hellmonk_ecumenical_altar_watching_god,
          uniq_crazy_yiuf_cottage
D:3:      layout_rooms, serial_glass, glass_columns_c, glass_columns_b,
          item_on_display_a, due_unseen_surprise
D:4:      layout_cave_pools, led_sif_book

Notes
Turn   | Place    | Note
-------+----------+-------------------------------------------
     0 | D:1      | xzight the Gnoll Warper began the quest for the Orb.
     0 | D:1      | Reached XP level 1. HP: 20/20 MP: 6/6
   237 | D:1      | Reached XP level 2. HP: 22/26 MP: 5/7
  1061 | D:2      | Reached skill level 5 in Spellcasting
  1061 | D:2      | Reached XP level 3. HP: 31/31 MP: 7/9
  1218 | D:2      | Found a runed translucent door.
  1219 | D:2      | Noticed Crazy Yiuf
  1358 | D:2      | Reached skill level 1 in Invocations
  1526 | D:2      | Reached skill level 1 in Short Blades
  1526 | D:2      | Reached skill level 1 in Long Blades
  1526 | D:2      | Reached skill level 1 in Axes
  1526 | D:2      | Reached skill level 1 in Polearms
  1526 | D:2      | Reached skill level 1 in Staves
  1526 | D:2      | Reached skill level 1 in Ranged Weapons
  1526 | D:2      | Reached skill level 1 in Stealth
  1526 | D:2      | Reached skill level 1 in Shields
  1526 | D:2      | Reached skill level 1 in Unarmed Combat
  1526 | D:2      | Reached skill level 1 in Evocations
  1569 | D:2      | Noticed a great orb of eyes
  1573 | D:2      | Found a faded altar of an unknown god.
  1575 | D:2      | Noticed a golden eye
  1575 | D:2      | Noticed a floating eye
  1575 | D:2      | Noticed a great orb of eyes
  1766 | D:2      | Reached XP level 4. HP: 18/38 MP: 8/11
  2064 | D:2      | HP: 3/38 [poisoned by an adder]
  3139 | D:4      | Reached skill level 1 in Conjurations
  3139 | D:4      | Reached skill level 1 in Hexes
  3139 | D:4      | Reached skill level 1 in Summonings
  3139 | D:4      | Reached skill level 1 in Necromancy
  3139 | D:4      | Reached skill level 1 in Transmutations
  3139 | D:4      | Reached skill level 1 in Fire Magic
  3139 | D:4      | Reached skill level 1 in Ice Magic
  3139 | D:4      | Reached skill level 1 in Air Magic
  3139 | D:4      | Reached skill level 1 in Earth Magic
  3139 | D:4      | Reached skill level 1 in Poison Magic
  3258 | D:4      | Reached skill level 3 in Throwing
  3258 | D:4      | Reached skill level 3 in Armour
  3258 | D:4      | Reached XP level 5. HP: 30/43 MP: 12/12
  3458 | D:4      | Noticed a wyvern
  3472 | D:4      | HP: 3/43 [poisoned by an adder]
  3477 | D:4      | HP: 1/43 [poisoned by an adder]
  3478 | D:4      | Succumbed to an adder's poison

Vanquished Creatures
  2 orc priests (D:4)
  3 adders
  A worm (D:2)
  2 dart slugs
  7 orcs (D:4)
  2 endoplasms
  6 giant cockroaches
  5 goblins
  5 hobgoblins
  6 kobolds
  2 quokkas
  8 ball pythons
  5 bats
  A frilled lizard (D:3)
  5 rats (D:2)
60 creatures vanquished.

Table legend: (Time is in decaauts)
 A = Elapsed time spent in this place.
 B = Non-inter-level travel time spent in this place.
 C = Inter-level travel time spent in this place.
 D = Time resting spent in this place.
 E = Time spent auto-exploring this place.
 F = Levels seen in this place.
 G = Mean time per level.
                   A        B        C        D        E       F      G
               +--------+--------+--------+--------+--------+-----+--------+
         Total |   3515 |   3468 |     47 |    822 |   2072 |   4 |  878.8 |
       Dungeon |   3515 |   3468 |     47 |    822 |   2072 |   4 |  878.8 |
               +--------+--------+--------+--------+--------+-----+--------+

Top non-repeatable levels by time:
     D:2: 1547 daAuts
     D:1: 945 daAuts
     D:3: 570 daAuts
     D:4: 452 daAuts

Table legend:
 A = Non-vault XP
 B = Vault XP
 C = Vault XP percentage of total XP
 D = Non-vault monster count
 E = Vault monster count
 F = Vault count percentage of total count
                 A         B        C        D         E       F
            +---------+---------+-------+---------+---------+-------
      Total |     230 |       0 |   0.0 |      60 |       0 |   0.0
            +---------+---------+-------+---------+---------+-------
        D:1 |      31 |       0 |   0.0 |      17 |       0 |   0.0
        D:2 |      65 |       0 |   0.0 |      23 |       0 |   0.0
        D:3 |       8 |       0 |   0.0 |       7 |       0 |   0.0
        D:4 |     126 |       0 |   0.0 |      13 |       0 |   0.0
            +---------+---------+-------+---------+---------+-------
